 Dungeon Crawl Stone Soup version 0.25-a0-253-g6f1b5d974a (webtiles) character file.

Game seed: 14181097596404868777, levelgen mode: deterministic

437 Flugkiller the Digger (level 6, -5/41 HPs)
             Began as a Mummy Earth Elementalist on Dec 5, 2019.
             Slain by a centaur
             ... wielding a cursed +0 shortbow
              (6 damage)
             ... on level 5 of the Dungeon.
             The game lasted 00:05:27 (4450 turns).

Flugkiller the Digger (Mummy Earth Elementalist)    Turns: 4450, Time: 00:05:28

Health: -5/41      AC:  3    Str: 11    XL:     6   Next: 69%
Magic:  7/11       EV: 12    Int: 17    God:
Gold:   191        SH:  0    Dex: 17    Spells: 6/12 levels left

rFire    x . .     SeeInvis +   a - +1 dagger (venom)
rCold    + . .     Gourm    .   (no shield)
rNeg     + + +     Faith    .   c - +0 robe
rPois    ∞         Spirit   .   i - +1 hat
rElec    .         Reflect  .   (no cloak)
rCorr    .         Harm     .   (no gloves)
MR       .....                  (no boots)
Stlth    ++........             (no amulet)
HPRegen  0.13/turn              g - ring of see invisible
MPRegen  0.12/turn              k - +5 ring of dexterity

@: no status effects
A: no food or potions, fire vulnerability, cold resistance 1, negative energy
resistance 3, torment resistance, unbreathing
a: no special abilities


You were on level 5 of the Dungeon.
You were not hungry.

You visited 1 branch of the dungeon, and saw 5 of its levels.

You collected 191 gold pieces.

Inventory:

Hand Weapons
 a - a +1 dagger of venom (weapon)
   (You took it off a goblin on level 1 of the Dungeon)
Missiles
 b - 254 stones (quivered)
 h - 6 poisoned darts
Armour
 c - a +0 robe (worn)
 i - a +1 hat (worn)
   (You found it on level 2 of the Dungeon)
Jewellery
 g - a ring of see invisible (left hand)
   (You found it on level 1 of the Dungeon)
 k - a +5 ring of dexterity (right hand)
   (You found it on level 3 of the Dungeon)
Wands
 j - a wand of clouds (5)
   (You found it on level 3 of the Dungeon)
Scrolls
 d - a scroll of remove curse
 e - 5 scrolls of identify
 f - 2 scrolls of immolation
 m - a scroll of fear


   Skills:
 - Level 1.5 Dodging
 - Level 1.5 Stealth
 + Level 3.8 Spellcasting
 - Level 2.0 Conjurations
 - Level 0.7 Transmutations
 + Level 5.5 Earth Magic


You had 6 spell levels left.
You knew the following spells:

 Your Spells              Type           Power        Failure   Level  Hunger
a - Sandblast             Erth           ###...       1%          1    N/A
b - Stone Arrow           Conj/Erth      ###...       10%         3    N/A
p - Passwall              Tmut/Erth      ##......     7%          2    N/A

Your spell library contained the following spells:

 Spells                   Type           Power        Failure   Level  Hunger
 Petrify                  Tmut/Erth      ##......     41%         4    N/A
 Lee's Rapid Deconstruct  Erth           ###.......   41%         5    N/A

Dungeon Overview and Level Annotations

Branches:
Dungeon (5/15)
 Temple: D:4-7

Altars:
Makhleb
Qazlal
Uskayaw
Wu Jian
Xom
Zin


Innate Abilities, Weirdness & Mutations

You do not eat or drink.
Your flesh is vulnerable to fire.
You are immune to poison.
Your flesh is cold resistant. (rC+)
You are immune to negative energy. (rN+++)
You are immune to unholy pain and torment.
You can survive without breathing.


Message History

A centaur is nearby!
A centaur is nearby!
The centaur wields a cursed +0 shortbow.
The centaur shoots an arrow.
The arrow barely misses you.
The centaur shoots an arrow.
The arrow hits you!!
You see here 2 arrows.
You start resting.
The centaur is too close now for your liking.
Casting: Sandblast (safe; 1% risk of failure)
Confirm with . or Enter, or press ? or * to list all spells.
Aiming: Sandblast (safe; 1% risk of failure)
Press: ? - help, Shift-Dir - straight line, f - centaur
Aim: a centaur, wielding a +0 shortbow The blast of sand hits the centaur!
The centaur is heavily wounded.
b - 257 stones The centaur barely misses you.
The centaur drinks a potion.
The centaur seems to grow stronger.
Casting: Sandblast (safe; 1% risk of failure)
Confirm with . or Enter, or press ? or * to list all spells.
Aiming: Sandblast (safe; 1% risk of failure)
Press: ? - help, Shift-Dir - straight line, f/p - centaur
Aim: a centaur, wielding a +0 shortbow (heavily wounded, unusually strong)
The blast of sand hits the centaur but does no damage.
The centaur is heavily wounded.
b - 256 stones The centaur hits you with a cursed +0 shortbow!
* * * LOW HITPOINT WARNING * * *
Casting: Sandblast (safe; 1% risk of failure)
Confirm with . or Enter, or press ? or * to list all spells.
Aiming: Sandblast (safe; 1% risk of failure)
Press: ? - help, Shift-Dir - straight line, f/p - centaur
Aim: a centaur, wielding a +0 shortbow (heavily wounded, unusually strong)
The blast of sand hits the centaur!
The centaur is almost dead.
b - 255 stones The centaur hits you with a cursed +0 shortbow.
* * * LOW HITPOINT WARNING * * *
Casting: Sandblast (safe; 1% risk of failure)
Confirm with . or Enter, or press ? or * to list all spells.
Aiming: Sandblast (safe; 1% risk of failure)
Press: ? - help, Shift-Dir - straight line, f/p - centaur
Aim: a centaur, wielding a +0 shortbow (almost dead, unusually strong)
The blast of sand hits the centaur but does no damage.
The centaur is almost dead.
b - 254 stones The centaur hits you with a cursed +0 shortbow!
* * * LOW HITPOINT WARNING * * *
The centaur hits you with a cursed +0 shortbow.
You die...

#.####.....##.#.# #.#
###.####.#.# #.# #.#
##.#.## #.#
#.###.....### ####.#
#............ #....#
########^(†..##.
#.######.#######....##.
#.......#........###.#.
#..#(#@###.###.#.# #.#.
#..#.c## #....#.###.#.
....#...#
#.##..##...##.
.##.##[.#.# #...###.##.
.. #.##..##.# #.#'#
#.##< . #......
.c.##.#_# #....
####..## #.#..#####.###
#..# #...#..†...# #
...# #.#...####.###


You could see a centaur.

Vanquished Creatures
  A howler monkey (D:5)
  A crimson imp (D:5)
  2 hounds
  A bullfrog skeleton (D:4)
  An iguana (D:4)
  4 worker ants
  7 adders
  2 worms
  2 dart slugs
  3 leopard geckos
  2 orcs
  5 bats
  7 giant cockroaches
  12 goblins
  8 hobgoblins
  6 jackals
  10 kobolds
  2 quokkas
  2 frilled lizards
  5 rats
83 creatures vanquished.

Notes
Turn   | Place    | Note
-------+----------+-------------------------------------------
     0 | D:1      | Flugkiller the Mummy Earth Elementalist began the quest for
                  | the Orb.
     0 | D:1      | Reached XP level 1. HP: 13/13 MP: 4/4
   357 | D:1      | Reached XP level 2. HP: 19/19 MP: 2/5
   394 | D:1      | Reached skill level 3 in Earth Magic
   772 | D:1      | Reached XP level 3. HP: 21/24 MP: 7/7
   803 | D:1      | Learned a level 2 spell: Passwall
   807 | D:1      | Learned a level 3 spell: Stone Arrow
  1119 | D:2      | Found an ornate altar of the Wu Jian Council.
  1625 | D:2      | Reached skill level 1 in Conjurations
  1689 | D:2      | Found a burning altar of Makhleb.
  1691 | D:2      | Noticed an Executioner
  1692 | D:2      | Found a glowing silver altar of Zin.
  1692 | D:2      | Noticed an angel
  1708 | D:2      | Reached XP level 4. HP: 24/30 MP: 8/8
  2112 | D:2      | Reached skill level 4 in Earth Magic
  2135 | D:2      | Found a hide-covered altar of Uskayaw.
  2365 | D:3      | Reached XP level 5. HP: 30/35 MP: 9/9
  3587 | D:4      | Reached skill level 5 in Earth Magic
  3594 | D:4      | Reached XP level 6. HP: 24/41 MP: 8/10
  3750 | D:4      | Found a stormy altar of Qazlal.
  3973 | D:5      | Entered Level 5 of the Dungeon
  4108 | D:5      | Found a shimmering altar of Xom.
  4450 | D:5      | HP: 1/41 [centaur/cursed +0 shortbow (9)]
  4450 | D:5      | Slain by a centaur

Levels and vault maps discovered:
D:1:      minmay_arrival_shattered_statue, layout_basic
D:2:      layout_basic, grunt_temple_overflow_order_and_chaos_2,
          old_standard_altar, lemuel_coloured_pillars_altar
D:3:      layout_basic
D:4:      layout_loops_ring, grunt_qazlal_sundering, first_ration
D:5:      layout_loops_ring, tso_altar, kennysheep_mini,
          nemelex_xobeh_ov_fountains_minmay, gammafunk_temple_overflow_pools,
          temple_hall, minmay_statues_item

Skill      XL: |  1  2  3  4  5  6 |
---------------+-------------------+-----
Earth Magic    | 3 4 5 |  5.5
Conjurations   | 1 2 |  2.0
Spellcasting   | 3 |  3.8
Dodging        | |  1.5
Stealth        | |  1.5
Transmutations | |  0.7

Action                   |  1- 3 |  4- 6 || total
-------------------------+-------+-------++-------
Melee: Unarmed           |     3 |       ||     3
       Dagger            |    83 |   142 ||   225
 Cast: Sandblast         |    19 |    29 ||    48
       Stone Arrow       |       |     2 ||     2
  Use: Scroll            |     2 |     2 ||     4
 Stab: Sleeping          |     1 |     5 ||     6
Armor: Robe              |    17 |    26 ||    43
Dodge: Dodged            |    58 |   110 ||   168

Table legend:
 A = Non-vault XP
 B = Vault XP
 C = Vault XP percentage of total XP
 D = Non-vault monster count
 E = Vault monster count
 F = Vault count percentage of total count
                 A         B        C        D         E       F
            +---------+---------+-------+---------+---------+-------
      Total |     625 |       0 |   0.0 |      83 |       0 |   0.0
            +---------+---------+-------+---------+---------+-------
        D:1 |      46 |       0 |   0.0 |      24 |       0 |   0.0
        D:2 |     111 |       0 |   0.0 |      29 |       0 |   0.0
        D:3 |      98 |       0 |   0.0 |      17 |       0 |   0.0
        D:4 |     152 |       0 |   0.0 |       7 |       0 |   0.0
        D:5 |     218 |       0 |   0.0 |       6 |       0 |   0.0
            +---------+---------+-------+---------+---------+-------
